[Event "ROU-chT Men Superliga 2018"]
[Site "Sovata"]
[Date "2018.12.02"]
[Round "9"]
[White "Manea, Alexandru"]
[Black "Vrencian, Lehel"]
[Result "1/2-1/2"]
[ECO "D02"]
[WhiteElo "2347"]
[BlackElo "2321"]
[Annotator "NA"]
[PlyCount "58"]
[EventDate "2018.11.24"]
[EventType "team-tourn"]
[EventCountry "ROU"]
[SourceTitle "playchess.com"]
[Source "ChessBase"]
[SourceQuality "1"]
[TimeControl "40/5400+30:1800+30"]

1. d4 d5 2. Nf3 Nf6 3. g3 c6 4. Bg2 Bf5 5. c4 e6 6. Nc3 h6 7. Qb3 Qb6 8. O-O Nbd7 9. c5 Qxb3 {[%emt 0:00:26] D11: Slav Defence: 3 Nf3 sidelines and 3...Nf6 4 e3 Bg4} (9... Qc7 10. Bf4 Qc8 11. Nd2 g5 12. Bd6 Bxd6 13. cxd6 O-O 14. f3 c5 15. e4 Bg6 16. Rac1 Qc6 17. e5 {1-0 (34) Stupak,K (2588)-Rodshtein,M (2699) Katowice 2017}) 10. axb3 a6 11. b4 Rc8 12. h3 Be7 13. g4 Bh7 14. Bf4 O-O 15. Nd2 Rfe8 16. Nb3 Bd8 17. Na5 Bxa5 18. bxa5 e5 $146 19. dxe5 Nxe5 20. Bxe5 Rxe5 21. Rfd1 Ne4 22. Nxe4 Bxe4 23. e3 Bxg2 24. Kxg2 Re4 25. Rd4 Rxd4 26. exd4 $11 Re8 27. Ra4 g5 28. Rb4 Re7 29. Kf3 Kg7 {[%emt 0:00:07] Ke4} 1/2-1/2

[Event "ROU-chT Men Superliga 2018"]
[Site "Sovata"]
[Date "2018.12.02"]
[Round "9"]
[White "Ionescu, Doru-Alexandru"]
[Black "Nastase, Robert-Paul"]
[Result "1-0"]
[ECO "A46"]
[WhiteElo "2321"]
[BlackElo "2296"]
[Annotator "NA"]
[PlyCount "57"]
[EventDate "2018.11.24"]
[EventType "team-tourn"]
[EventCountry "ROU"]
[SourceTitle "playchess.com"]
[Source "ChessBase"]
[SourceQuality "1"]
[TimeControl "40/5400+30:1800+30"]

1. d4 e6 2. Nf3 Nf6 3. Bg5 h6 4. Bh4 c5 5. e3 Qb6 6. Qc1 {[%emt 0:01:04] A46: 1 d4 Nf6 2 Nf3 e6: Torre, London and Colle Systems} Nc6 7. c3 d5 8. Nbd2 Bd7 9. Bd3 Rc8 10. Qb1 Ng8 $146 ({Better is} 10... cxd4 $11 11. exd4 Nh5) ({Predecessor:} 10... Bd6 11. O-O O-O 12. dxc5 Bxc5 13. Bxf6 gxf6 14. c4 dxc4 15. Nxc4 Qc7 16. a3 {½-½ (42) Jacquin,R (2495)-Nasybullin,V (2604) ICCF email 2007}) 11. O-O c4 12. Bc2 f5 13. Bg3 Nf6 14. b3 Na5 15. Qb2 Be7 16. Ne5 O-O 17. Ng6 Rfe8 18. Nxe7+ Rxe7 19. Rfb1 cxb3 20. axb3 Rf7 21. Nf3 Bb5 (21... Nc6 $16) 22. c4 dxc4 $18 23. bxc4 Ba6 24. Qa2 Bxc4 25. Qxa5 Qxa5 26. Rxa5 b6 27. Raa1 Rb7 28. Ne5 Bd5 29. Bd3 1-0

[Event "ROU-chT Men Superliga 2018"]
[Site "Sovata"]
[Date "2018.12.02"]
[Round "9"]
[White "Ileana, George"]
[Black "Vajda, Levente"]
[Result "0-1"]
[ECO "C54"]
[WhiteElo "2318"]
[BlackElo "2547"]
[Annotator "RC"]
[PlyCount "114"]
[EventDate "2018.11.24"]
[EventType "team-tourn"]
[EventCountry "ROU"]
[SourceTitle "playchess.com"]
[Source "ChessBase"]
[SourceQuality "1"]
[TimeControl "40/5400+30:1800+30"]

1. e4 e5 2. Nf3 Nc6 3. Bc4 Bc5 4. c3 Nf6 5. d3 O-O 6. O-O d5 7. exd5 Nxd5 8. Nbd2 Nb6 9. Bb5 Bd6 10. Ne4 a6 11. Bxc6 bxc6 12. d4 exd4 13. Qxd4 Be6 14. b3 Bd5 15. c4 c5 16. Qe3 Bc6 17. Nxd6 cxd6 18. Bb2 Re8 19. Qc3 f6 20. Rfe1 Qd7 21. h3 Qf5 22. Rad1 Bxf3 23. Qxf3 Qxf3 24. Rxe8+ Rxe8 25. gxf3 Re6 26. Bc3 Kf7 27. Ba5 Nd7 28. Kg2 f5 29. b4 Ne5 30. bxc5 Nxc4 31. Bb4 dxc5 32. Bxc5 Rc6 33. Ba7 Ne5 34. Bb8 Rg6+ 35. Kf1 Nxf3 36. Rd5 Ke6 37. Rd6+ Ke7 38. Rd5 Rb6 39. Bg3 Ke6 40. Ra5 Rc6 41. Ra4 g5 42. Kg2 Ne1+ 43. Kf1 Nd3 44. f4 gxf4 45. Bxf4 Nxf4 46. Rxf4 Rc1+ 47. Kf2 Rc2+ 48. Kf3 Rxa2 49. Rh4 Ra3+ 50. Kg2 a5 51. Rxh7 a4 52. h4 f4 53. Rh5 Ra1 54. Ra5 a3 55. h5 a2 56. Ra6+ Kf7 57. Ra3 Kg7 0-1

[Event "ROU-chT Men Superliga 2018"]
[Site "Sovata"]
[Date "2018.12.02"]
[Round "9"]
[White "Iordachescu, Sorin-Emanuel"]
[Black "Toma, Radu-Cristian"]
[Result "0-1"]
[ECO "E15"]
[WhiteElo "1750"]
[BlackElo "2354"]
[Annotator "NA"]
[PlyCount "64"]
[EventDate "2018.11.24"]
[EventType "team-tourn"]
[EventCountry "ROU"]
[SourceTitle "playchess.com"]
[Source "ChessBase"]
[SourceQuality "1"]
[TimeControl "40/5400+30:1800+30"]

1. d4 Nf6 2. c4 e6 3. Nf3 b6 4. g3 Bb4+ 5. Bd2 Be7 6. Bg2 c6 7. Nc3 d5 8. cxd5 cxd5 9. Ne5 O-O 10. O-O Bb7 11. Rc1 Nfd7 12. f4 Nxe5 13. fxe5 Nc6 {[%emt 0:00:54] LiveBook: 3 Games} 14. e3 Na5 15. Qe2 Qd7 16. Rfd1 f6 17. exf6 Bxf6 18. Qg4 $11 Nc4 19. b3 Nb2 20. Rf1 Nd3 21. Rb1 a5 22. Ne2 Rac8 23. Nc3 Qe8 24. a4 Ba6 25. Rfd1 Nf2 26. Kxf2 h5 27. Qh3 Bxd4+ 28. Kg1 Bxc3 29. Bc1 Be2 30. Ba3 Bg4 31. Bxf8 Bxh3 32. Bxh3 Kxf8 0-1